 Dungeon Crawl Stone Soup version 0.22-a0-469-gf26638a (webtiles) character file.

128 4thArraOfDagon the Slasher (level 4, -1/41 HPs)
             Began as a Minotaur Monk on June 13, 2018.
             Slain by a bullfrog (7 damage)
             ... on level 6 of the Dungeon.
             The game lasted 00:03:14 (667 turns).

4thArraOfDagon the Slasher (Minotaur Monk)           Turns: 667, Time: 00:03:15

Health: -1/41      AC:  4    Str: 14 (16) XL:     4   Next: 87%
Magic:  3/3        EV: 13    Int:  7 (8)  God:
Gold:   34         SH:  0    Dex:  8 (10) Spells: 3/3 levels left

rFire    . . .     SeeInvis .   a - +0 falchion
rCold    . . .     Gourm    .   (no shield)
rNeg     . . .     Faith    .   b - +0 robe
rPois    .         Spirit   .   (helmet restricted)
rElec    .         Reflect  .   (no cloak)
rCorr    .         Harm     .   (no gloves)
MR       .....     Rnd*Tele +   (no boots)
Stlth    +.........             (no amulet)
HPRegen  0.13/turn              h - ring of teleportation
MPRegen  0.08/turn              j - ring of flight

@: about to teleport
A: retaliatory headbutt, horns 2, thin metallic scales 1, clumsy 1
a: Evoke Flight


You were on level 6 of the Dungeon.
You were not hungry.

You visited 1 branch of the dungeon, and saw 6 of its levels.
You also visited: Sewer.

You collected 34 gold pieces.

Inventory:

Hand Weapons
 a - a +0 falchion (weapon)
Missiles
 l - 7 steel tomahawks (quivered)
Armour
 b - a +0 robe (worn)
Jewellery
 h - a ring of teleportation (left hand)
 j - a ring of flight (right hand)
Comestibles
 c - 2 rations
 g - a chunk of flesh


   Skills:
 + Level 4.6 Fighting
 * Level 5.4 Long Blades
 + Level 4.2 Dodging
 - Level 1.5 Stealth


You had 3 spell levels left.
You didn't know any spells.
Your spell library was empty.

Dungeon Overview and Level Annotations

Branches:
Dungeon (6/15)             Temple (0/1) D:6

Altars:
Qazlal

Shops:
D:4 !

Annotations:
D:4 4thArraOfDagon's ghost, amateur MiMo; Pikel


Innate Abilities, Weirdness & Mutations

You reflexively headbutt those who attack you in melee.
You have a pair of horns on your head.
You are partially covered in thin metallic scales. (AC +2)
You are clumsy. (Dex -2)


Message History

You see here a stone.
The kobold throws a stone.
The stone hits you but does no damage.
You see here a stone.
Unknown command.
A quokka comes into view.
The kobold throws a stone.
The stone closely misses you.
The kobold throws a stone.
The stone barely misses you.
The bullfrog croaks.
Unknown command.
As you read the scroll of teleportation, it crumbles to dust.
You feel strangely unstable.
The kobold throws a stone.
The stone barely misses you. The bullfrog misses you.
You riposte.
You hit the bullfrog.
The bullfrog is lightly wounded.
Unknown command.
The bullfrog swells and bulges.
Unknown command.
The adder hisses angrily.
The bullfrog hits you!
You die...

#...# ...
#...##......#.
#..........#.#
#.....S...#.#.
#..........#.>
#.........#.#.
#.......>..#.#
#@..........#.
#F..##<.......
#(..##(K..##..
#.rK##(...##.
#.............
#.............
#.............
#.............
#..(..........


You could see a bullfrog, an adder, a quokka and a kobold.

Vanquished Creatures
  3 hounds (D:5)
  2 adders (D:4)
  A worm (D:2)
  5 giant cockroaches
  A hobgoblin (D:1)
  2 jackals (D:2)
  3 frilled lizards
  2 kobolds
  4 rats
23 creatures vanquished.

Notes
Turn   | Place    | Note
-------+----------+-------------------------------------------
     0 | D:1      | 4thArraOfDagon the Minotaur Monk began the quest for the Orb.
     0 | D:1      | Reached XP level 1. HP: 19/19 MP: 0/0
   218 | D:2      | Reached skill level 4 in Long Blades
   271 | D:2      | Reached XP level 2. HP: 27/27 MP: 1/1
   337 | D:4      | Noticed a slave
   360 | D:4      | Found a glowing drain.
   382 | D:4      | Reached XP level 3. HP: 24/33 MP: 2/2
   391 | Sewer    | Entered a sewer
   425 | D:4      | Noticed 4thArraOfDagon's ghost (amateur MiMo)
   454 | D:4      | Noticed Pikel
   457 | D:4      | Noticed a slave
   465 | D:4      | Found a stormy altar of Qazlal.
   483 | D:4      | Found Goghihoc's Distillery.
   513 | D:4      | Noticed a slave
   516 | D:4      | Noticed a slave
   522 | D:5      | Entered Level 5 of the Dungeon
   526 | D:5      | Gained mutation: You are clumsy. (Dex -2) [potion of mutation]
   526 | D:5      | Gained mutation: You are partially covered in thin metallic scales. (AC +2) [potion of mutation]
   616 | D:5      | Reached skill level 5 in Long Blades
   616 | D:5      | Reached XP level 4. HP: 21/41 MP: 3/3
   658 | D:6      | Found a staircase to the Ecumenical Temple.
   659 | D:6      | Noticed a bullfrog
   667 | D:6      | Slain by a bullfrog

Vault maps used:
D:1:      enne_arrival_octagon_isle, serial_forest,
          infiniplex_forest_lined_room_, infiniplex_forest_corner_1,
          infiniplex_forest_clump_double, infiniplex_forest_diagonal,
          infiniplex_forest_corner_1
D:2:      lemuel_doored_altar, first_ration, minmay_tetromino_l4
D:3:      elyvilon_altar_4, uniq_ijyb
D:4:      nicolae_overflow_crystal_walls, nicolae_ru_path_of_blood,
          makhleb_heckhound_becter, gup_sewer_entry_glass, serial_shops, shop,
          uniq_pikel
D:5:      minmay_goblin_kobold_castle, serial_shops, kennysheep_mini,
          lemuel_flamethrower_2
D:6:      minmay_temple_entry_grid, serial_shops, shop, uniq_menkaure
Sewer:    sewer_frog_island_01

Skill      XL: |  1  2  3 |
---------------+----------+-----
Long Blades    | 4 5 |  5.4
Fighting       | 4 |  4.6
Dodging        | 4 |  4.2
Stealth        | |  1.5

Action                   |  1- 3 |  4- 6 || total
-------------------------+-------+-------++-------
Melee: Falchion          |    54 |     8 ||    62
       Headbutt          |     4 |     1 ||     5
  Use: Scroll            |     5 |     1 ||     6
       Potion            |     3 |     3 ||     6
 Stab: Sleeping          |     3 |       ||     3
Armor: Robe              |     8 |    12 ||    20
Dodge: Dodged            |    50 |    32 ||    82
       Rpst.: Falchion   |    13 |     3 ||    16

Table legend:
 A = Spawn XP
 B = Non-spawn XP
 C = Spawn XP percentage of total XP
 D = Spawn monster count
 E = Non-spawn monster count
 F = Spawn count percentage of total count
 G = Total turns spent on level
                    A         B        C        D         E        F      G
               +---------+---------+-------+---------+---------+-------+---------
         Total |       0 |     184 |   0.0 |       0 |      23 |   0.0 |   667
               +---------+---------+-------+---------+---------+-------+---------
           D:1 |       0 |       3 |   0.0 |       0 |       2 |   0.0 |   138
           D:2 |       0 |      14 |   0.0 |       0 |       8 |   0.0 |   166
           D:4 |       0 |      30 |   0.0 |       0 |       4 |   0.0 |   174
           D:5 |       0 |     129 |   0.0 |       0 |       4 |   0.0 |   136
         Sewer |       0 |       8 |   0.0 |       0 |       5 |   0.0 |    34
               +---------+---------+-------+---------+---------+-------+---------
